 BcadrenCrawl: Boulder Brew version 0.03.2.1-53-g4a99f7c548 (webtiles) character file.

Game seed: 7620962317489740260, levelgen mode: deterministic

2291212 esc the Invulnerable (level 27, 208/214 HPs) Gargoyle Noble. Began on Jan 30, 2021. Escaped with the Orb ... and 3 runes on Jan 31, 2021! The game lasted 02:05:57 (41672 turns).

esc the Invulnerable (Gargoyle Noble)              Turns: 41672, Time: 02:05:57

Health: 208/214    AC: 56    Str: 15    XL:     27
Magic:  30/30      EV: 18    Int: 14    God:
Gold:   8825       SH:  0    Dex: 22    Spells: 28/28 levels left

rFire    + + .     Vision   .   a - +9 longbow (velocity)
rCold    + . .     Gourm    .   (also wielding the above weapon)
rNeg     + . .     Faith    .   c - +5 fire dragon scales {rC+}
rPois    ∞         Spirit   .   B - +2 helmet {rC+}
rElec    +         Reflect  .   J - scarf {repulsion}
rCorr    .         Harm     .   d - +2 pair of gloves {archery}
MR       ++...     Rnd*Rage +   G - +2 pair of boots {run}
Stlth    ..........             S - amulet of Vitality {Regen+ HP+15}
HPRegen  1.21/turn              y - ring of slaying
MPRegen  0.40/turn              P - ring of slaying

@: hasted, repel missiles, very quick
A: big wings, berserk 1, low mp 1, negative energy resistance 1, electricity
resistance, unbreathing, petrification resistance, rot immunity, AC +20
0: Orb of Zot
}: 3/15 runes: decaying, silver, gossamer
a: Fly


You escaped.
You were not hungry.

You visited 8 branches of the dungeon, and saw 39 of its levels.
You also visited: Market.

You collected 10697 gold pieces.
You spent 2872 gold pieces at shops.

Inventory:

Weapons
 a - a +9 longbow of velocity (weapon)
 b - a +6 eveningstar of protection Shields
 O - the +2 shield of Resistance {rF+ rC+ MR+}
   (You found it on level 5 of the Vaults)

   Base shield rating: 8 Skill to remove penalty: 15.0 It protects you from
   fire.
   It protects you from cold.
   It affects your resistance to hostile enchantments.
Armour
 c - +5 fire dragon scales of cold resistance (worn)
 d - a +2 pair of gloves of archery (worn)
 B - a +2 helmet of cold resistance (worn)
 G - a +2 pair of boots of running (worn)
 J - a scarf of repulsion (worn)
Jewellery
 e - an uncursed ring of protection
 i - the cursed macabre finger necklace {rN+, (Curse: *Tele)}
   (You took it off a yaktaur on level 4 of the Vaults)

   [amulet of nothing]

   It protects you from negative energy.
   It has a curse placed upon it.
   { (Curse: *Tele)}
 y - a ring of slaying (left hand)
 L - the amulet "Yfohe" {rC+ Regen+ Str+3}
   (You took it off a meliai on level 4 of the Vaults)

   [amulet of regeneration]

   It affects your strength (+3).
   It protects you from cold.
   It increases your rate of regeneration.
 P - a ring of slaying (right hand)
 S - the amulet of Vitality (around neck) {Regen+ HP+15}
   (You took it off a draconian knight on level 4 of the Realm of Zot)

   [amulet of regeneration]

   It affects your health (+15).
   It increases your rate of regeneration.
Wands
 p - a wand of random effects (38)
 s - a wand of polymorph (65)
 w - a wand of ensnaring (22)
 A - a wand of flame (47)
 C - a wand of acid (31)
 D - a wand of enslavement (24)
 E - a wand of clouds (10)
 H - a wand of healing (3)
 M - a wand of hasting (33)
 N - a wand of disintegration (24)
 R - a wand of iceblast (48)
 T - a wand of scattershot (21)
Scrolls
 j - 10 scrolls of magic mapping
 k - 14 scrolls of teleportation
 m - 6 scrolls of fear
 q - 2 scrolls of blinking
 I - 5 scrolls of holy word
 K - 6 scrolls of fog
 W - a scroll of summoning
 Y - 5 scrolls of bless item
Potions
 f - 7 potions of might
 g - 4 potions of magic
 h - 39 potions of curing
 l - 8 potions of cancellation
 n - 6 potions of resistance
 o - 11 potions of mutation
 t - 6 potions of invisibility
 v - 2 potions of haste
 x - 6 potions of berserk rage
 F - 15 potions of agility
 Q - 9 potions of ambrosia
 U - 22 potions of heal wounds
Miscellaneous
 r - a fan of gales
 X - a box of beasts
 Z - a phantom mirror
Comestibles
 u - 74 rations


   Skills:
 O Level 27 Fighting
 - Level 10.0 Maces & Staves
 O Level 27 Bows
 O Level 27 Armour
 + Level 10.4 Dodging
 - Level 1.1 Stealth
 - Level 1.0 Spellcasting
 - Level 14.4 Evocations


You had 28 spell levels left.
You didn't know any spells.
Your spell library contained the following spells:

 Spells                   Type           Power        Failure   Level  Hunger
 Flame Tongue             Fire           0 (30)       36%         1    ##.....
 Freeze                   Ice            0 (25)       36%         1    ##.....
 Magic Candle             Hex/Fire       0 (90)       36%         1    ##.....
 Poisonous Vapours        Pois/Air       0 (50)       36%         1    ##.....
 Shock                    Air            0 (25)       36%         1    ##.....
 Summon Butterflies       Summ           0 (100)      36%         1    ##.....
 Summon Small Mammal      Summ           0 (25)       36%         1    ##.....
 Blink                    Tloc           N/A          50%         2    ###....
 Call Imp                 Summ           0 (100)      50%         2    ###....
 Corpse Rot               Tmut/Necr      N/A          50%         2    ###....
 Ensorcelled Hibernation  Hex/Ice        0 (50)       50%         2    ###....
 Passwall                 Tmut/Erth      0 (120)      50%         2    ###....
 Shroud of Golubria       Chrm/Tloc      0 (200)      50%         2    ###....
 Slow                     Hex            0 (100)      50%         2    ###....
 Sting                    Pois           0 (25)       50%         2    ###....
 Swiftness                Chrm/Air       0 (100)      50%         2    ###....
 Throw Frost              Ice            0 (50)       50%         2    ###....
 Apportation              Tloc           0 (50)       73%         3    ####...
 Blinding Spray           Hex/Pois       0 (50)       73%         3    ####...
 Call Canine Familiar     Summ           0 (100)      73%         3    ####...
 Confuse                  Hex            0 (100)      73%         3    ####...
 Conjure Flame            Fire           0 (100)      73%         3    ####...
 Ignite Poison            Fire/Tmut      0 (100)      73%         3    ####...
 Mephitic Cloud           Pois/Air       0 (100)      73%         3    ####...
 Ozocubu's Armour         Chrm/Ice       0 (100)      73%         3    ####...
 Portal Projectile        Chrm/Tloc      0 (50)       73%         3    ####...
 Static Discharge         Air            0 (100)      73%         3    ####...
 Stone Arrow              Erth           0 (50)       73%         3    ####...
 Teleport Other           Hex/Tloc       0 (100)      73%         3    ####...
 Tukima's Dance           Hex            0 (100)      73%         3    ####...
 Vampiric Draining        Necr           0 (200)      73%         3    ####...
 Airstrike                Air            0 (200)      98%         4    #####..
 Cause Fear               Hex            0 (200)      98%         4    #####..
 Force Lance              Tloc/Air       0 (200)      98%         4    #####..
 Force Lasso              Tloc/Erth      0 (200)      98%         4    #####..
 Fulminant Prism          Hex            0 (200)      98%         4    #####..
 Hailstorm                Ice            0 (100)      98%         4    #####..
 Leda's Liquefaction      Tmut/Erth      0 (200)      98%         4    #####..
 Muse Oam's Air Blast     Tloc/Air       0 (100)      98%         4    #####..
 Olgreb's Toxic Radiance  Pois           0 (100)      98%         4    #####..
 Sticky Flame             Fire/Pois      0 (100)      98%         4    #####..
 Still Winds              Hex/Air        0 (200)      98%         4    #####..
 Summon Ice Beast         Ice/Summ       0 (100)      98%         4    #####..
 Throw Icicle             Ice            0 (100)      98%         4    #####..
 Bolt of Magma            Fire/Erth      0 (200)      100%        5    ######.
 Excruciating Wounds      Chrm/Necr      0 (200)      100%        5    ######.
 Fireball                 Fire           0 (200)      100%        5    ######.
 Irradiate                Tmut/Pois      0 (200)      100%        5    ######.
 Iskenderun's Battlesphe  Chrm/Erth      0 (100)      100%        5    ######.
 Lightning Bolt           Air            0 (200)      100%        5    ######.
 Silence                  Hex/Air        0 (200)      100%        5    ######.
 Summon Forest            Summ/Erth      0 (200)      100%        5    ######.
 Summon Lightning Spire   Summ/Air       0 (100)      100%        5    ######.
 Summon Mana Viper        Summ/Pois      0 (100)      100%        5    ######.
 Yara's Violent Unravell  Hex/Tmut       0 (200)      100%        5    ######.
 Bolt of Cold             Ice            0 (200)      100%        6    #######
 Bolt of Fire             Fire           0 (200)      100%        6    #######
 Conjure Ball Lightning   Air            0 (200)      100%        6    #######
 Death Channel            Chrm/Necr      0 (200)      100%        6    #######
 Deflect Missiles         Chrm/Air       0 (200)      100%        6    #######
 Dispersal                Tloc           0 (200)      100%        6    #######
 Eringya's Noxious Bog    Tmut/Pois      0 (200)      100%        6    #######
 Freezing Cloud           Ice/Air        0 (200)      100%        6    #######
 Invisibility             Chrm           0 (100)      100%        6    #######
 Iron Shot                Erth           0 (200)      100%        6    #######
 Ring of Flames           Chrm/Fire      0 (200)      100%        6    #######
 Simulacrum               Ice/Necr       0 (200)      100%        6    #######
 Starburst                Fire           0 (200)      100%        6    #######
 Summon Hydra Mount       Summ           0 (200)      100%        6    #######
 Tunneling                Erth           0 (200)      100%        6    #######
 Controlled Blink         Tloc           0 (100)      100%        7    #######
 Malign Gateway           Summ/Tloc      0 (200)      100%        7    #######
 Spellforged Servitor     Summ           0 (200)      100%        7    #######
 Discord                  Hex            0 (200)      100%        8    #######
 Disjunction              Tloc           0 (200)      100%        8    #######
 Ignition                 Fire           0 (200)      100%        8    #######
 Dragon's Call            Summ           0 (200)      100%        9    #######
 Shatter                  Erth           0 (200)      100%        9    #######
 Tornado                  Air            0 (200)      100%        9    #######
 Passage of Golubria      Tloc           Unusable     N/A         4    N/A
 Statue Form              Tmut/Erth      Unusable     N/A         6    N/A

Dungeon Overview and Level Annotations

Branches:
Dungeon (8/8)              Temple (0/1) D:4            Lair (6/6) D:5
  Swamp (4/4) Lair:3       Spider (4/4) Lair:2        Slime (0/5) Lair:5
    Orc (2/2) D:6             Elf (0/3) Orc:2        Vaults (5/5) D:7
  Crypt (0/3) Vaults:2     Depths (5/5) D:8             Zot (5/5) Depths:5

Altars:
Cheibriados
Elyvilon
Fedhas Madash
Hepliaklqana
Makhleb
Nemelex Xobeh
Okawaru
Qazlal
Ru
Sif Muna
Trog
Vehumet
Xom
Yredelemnul
Zin
Lugonu

Shops:
Orc:2 [*(=   Vaults:1 ?   Vaults:4 !   Depths:3 (   Depths:5 (

Portals:
Hell: Depths:1 Depths:2 Depths:3 Depths:4 Depths:5
Abyss: Depths:3 Depths:4
Pandemonium: Depths:3 Depths:5
Ziggurat: Depths:1

Annotations:
D:6 2 transporters
Swamp:2 1 runed translucent door, xzight's ghost, adept MiBe
Depths:1 1 runed translucent door
Depths:5 5 runed translucent doors


Innate Abilities, Weirdness & Mutations

You are resistant to torment.
Your stone body is resilient. (AC +20)
You are immune to poison.
Your large and strong wings let you fly indefinitely.
You resist negative energy. (rN+)
You are resistant to electric shocks. (rElec)
You can survive without breathing.
You are immune to petrification.
You are immune to rotting.
You tend to lose your temper in combat.
Your magical capacity is low. (-10% MP)


Message History

You shoot an arrow.
The arrow hits the eye of draining (71)!!!
You kill the eye of draining!
Aiming:
a - a +9 longbow of velocity, Range: 3 (75%)
Press: ? - help, Shift-Dir - straight line, f - leopard gecko
Aim: a leopard gecko (healthy (6/6), clinging)
You shoot an arrow. The arrow hits the leopard gecko (23)!!
You kill the leopard gecko!
Komyust comes into view.
You feel yourself speed up.
A soul eater comes into view.
There is an open door here.
There is an open door here.
A monstrous demonspawn, an infernal demonspawn, a warmonger and a corrupter come into view.
The gelid warmonger is wielding a cursed +2 antimagic demon blade {(Curse: *Noise)}, wearing a +3 chain mail of cold resistance and wielding a +1 targe of protection.
The monstrous demonspawn is brandishing a wand of ensnaring.
The infernal demonspawn is wielding a +2 vampiric demon trident.
The gelid warmonger shouts!
The monstrous demonspawn shouts!
Komyust reads a scroll.
Your ears itch!
The soul eater draws from the surrounding life force!
There is a staircase leading out of the dungeon here.
You have escaped!

###### ##
##....###############.
####.......3.##...#......
###.....#####.&.###.....###
#....####...####.?...####..
#..###.......).#3#'###.....
#..#......@..6..&6.'......⌠
#..###.......66###†###.....
#...†####...####.....####..
#.......#####..........÷###
#.................#..##....
#.....###....#........##...
#.##### ########..###.###..
#################.########.
#....)...................


You could see Komyust, a monstrous demonspawn, a gelid warmonger, a torturous
corrupter, a soul eater and an infernal demonspawn.

Vanquished Creatures
  5 ancient liches (Zot:5)
  Mara (Vaults:5)
  3 orbs of fire
  5 Killer Klowns
  Bai Suzhen (Depths:3)
  Margery (Vaults:5)
  Arachne (Spider:2)
  Saint Roka (Depths:4)
  10 golden dragons
  Nikola (Swamp:2)
  2 curse toes
  3 liches
  2 caustic shrikes
  Rupert (Orc:1)
  An Ice Fiend (Depths:2)
  An electric golem (Zot:1)
  3 quicksilver dragons
  5 titans
  Jorgrun (D:6)
  An Executioner (Zot:5)
  3 juggernauts
  Frances (Spider:2)
  9 shadow dragons
  11 storm dragons
  A plutonium crab (Zot:4)
  4 sphinxes
  A profane servitor (D:7)
  8 tengu reavers
  5 draconian monks
  6 thorn hunters
  A daeva (Depths:4)
  14 vault wardens
  4 iron dragons
  A cacodemon (Zot:5)
  Louise (D:8)
  A war gargoyle (Vaults:5)
  7 frost giants
  6 draconian knights
  3 bone dragons (Depths:5)
  11 ironheart preservers
  3 orc warlords
  8 draconian shifters
  12 platinum draconians
  A deep elf sorcerer (Vaults:5)
  16 fire giants
  7 ghost moths
  Aizul (Swamp:2)
  3 draconian sharpshooters
  4 draconian stormcallers
  30 Orb Guardians
  A deep elf elementalist (Vaults:5)
  5 draconian scorchers
  4 blue draconians
  6 black draconians
  An olive draconian (Zot:3)
  2 vampire knights
  6 cyan draconians
  2 silver draconians
  4 scintillating draconians
  A draconian annihilator (Zot:4)
  11 death cobs
  3 golden draconians
  4 entropy weavers
  7 blood draconians
  5 white draconians
  3 green draconians
  7 purple draconians
  3 red draconians
  Azrael (Orc:2)
  3 deep elf demonologists
  3 pearl draconians
  6 lime draconians
  3 teal draconians
  3 bone draconians
  4 deep elf annihilators
  10 tentacled monstrosities
  Snorg (Lair:5)
  5 spark wasps
  15 fire dragons
  2 azure jellies (Vaults:2)
  2 chaos butterflies (Vaults:5)
  A deep elf death mage (Vaults:5)
  A crystal guardian (Vaults:4)
  3 emperor scorpions
  A mummy priest (Lair:3)
  11 ice dragons
  Fannar (Lair:2)
  5 spriggan air magi
  4 deep elf high priests
  15 very ugly things
  Gammafunk (Spider:2)
  A hell beast (Depths:2)
  16 boulder beetles
  2 verdant moulds
  5 rakshasas
  2 vampire magi (Depths:4)
  7 deep troll shamans
  9 great orbs of eyes
  A merfolk aquamancer (Depths:4)
  14 deep troll earth magi
  6 sphinx moths
  A satyr (shapeshifter) (Vaults:5)
  8 spriggan berserkers
  18 stone giants
  17 ettins
  12 hell knights
  Erica (D:4)
  Urug (D:5)
  25 yaktaur captains
  A naga sharpshooter (Depths:4)
  18 alligators
  9 deep elf knights
  A swooping magpie (Lair:5)
  4 orc high priests (Orc:2)
  3 shock serpents (Vaults:2)
  12 ogre magi
  35 two-headed ogres
  4 unseen horrors
  Sonja (Lair:5)
  40 vault guards
  3 tengu warriors
  A salamander mystic (Zot:5)
  32 hydras
  A two-headed ogre (shapeshifter) (Depths:4)
  An unseen horror (shapeshifter) (Depths:2)
  20 balloon dogs
  20 swamp dragons
  An anaconda (shapeshifter) (Depths:1)
  2 spriggan druids
  3 lindwurms (Swamp:4)
  14 ironbrand convokers
  17 orc knights
  3 deep elf archers
  5 shambling mangroves
  A death drake (Vaults:2)
  7 glowing orange brains
  8 wizards
  4 orange crystal statues (Orc:2)
  14 harpies
  5 skeletal warriors (Vaults:1)
  2 holy flans
  4 dancing weapons
  4 shadow wraiths
  34 deep trolls
  13 centaur warriors
  2 sun demons
  A deep troll (shapeshifter) (Vaults:5)
  8 flayed ghosts
  6 necromancers
  5 death yaks (Lair:6)
  2 guardian serpents (Depths:4)
  3 torpor snails
  5 rock worms
  12 deep elf magi
  17 giraffes
  A rock worm (shapeshifter) (Vaults:5)
  A manticore (shapeshifter) (Depths:4)
  28 moths of wrath
  3 salamanders (Zot:5)
  14 orb spiders
  A sea snake (Vaults:2)
  2 manticores
  10 orc sorcerers
  A rust devil (Depths:2)
  4 iron trolls
  2 salamanders (shapeshifter)
  2 worldbinders (Vaults:2)
  A water nymph (shapeshifter) (Depths:3)
  2 gargoyles (Vaults:2)
  8 black mambas
  13 vault sentinels
  2 ice statues (Vaults:2)
  A naga mage (Vaults:2)
  27 ugly things
  2 eyes of devastation (shapeshifter)
  28 spiny frogs
  3 elephants (Lair:3)
  6 freezing wraiths
  2 rime drakes (shapeshifter) (Vaults:4)
  A rime drake (Lair:6)
  A troll (shapeshifter) (Depths:1)
  3 meliai
  10 trolls
  33 wolf spiders
  A kobold demonologist (D:8)
  A toenail golem (D:3)
  An efreet (Zot:3)
  14 tyrant leeches
  7 bog bodies
  An orange demon (Zot:5)
  Psyche (D:4)
  86 yaktaurs
  5 tengu conjurers
  A meliai (shapeshifter) (Vaults:4)
  A tormentor (D:1)
  30 jumping spiders
  A red devil (Depths:3)
  A tengu skeleton (Vaults:4)
  A frost giant zombie (Depths:2)
  A stone giant zombie (Vaults:3)
  A polar bear (shapeshifter) (Vaults:2)
  A jumping spider (shapeshifter) (Depths:4)
  2 wind drakes (shapeshifter) (Depths:1)
  6 komodo dragons
  A blink frog (shapeshifter) (Depths:2)
  A merfolk (shapeshifter) (Depths:2)
  10 demonic crawlers
  28 hornets
  A merfolk (Depths:4)
  2 raiju (Vaults:2)
  A raiju (shapeshifter) (Vaults:2)
  A vampire (D:6)
  2 stone giant skeletons (Vaults:3)
  26 blink frogs
  A yaktaur zombie (Vaults:3)
  A ynoxinul (Orc:2)
  Prince Ribbit (D:2)
  2 wraiths
  6 dream sheep (Lair:4)
  A fire giant skeleton (Vaults:2)
  14 cyclopes
  A hippogriff (D:6)
  An air elemental (Vaults:2)
  11 water elementals
  17 yaks
  6 spriggans
  A yak (shapeshifter) (Vaults:1)
  4 fire elementals (Orc:2)
  2 steam dragons (Lair:6)
  7 basilisks
  2 shadows
  3 wyverns
  A human (shapeshifter) (D:8)
  28 tarantellas
  A tarantella (shapeshifter) (D:8)
  5 spectral swamp worms (Depths:5)
  3 guardian mummies
  A naga (Depths:4)
  4 acid dragons
  34 slime creatures
  28 vampire mosquitoes
  78 redbacks
  4 human simulacra
  27 swamp worms
  9 wargs
  Edmund (D:2)
  A wolf spider zombie (D:6)
  3 insubstantial wisps (Swamp:4)
  72 orc warriors
  10 water moccasins
  A hell hound (Orc:2)
  5 necrophages (Swamp:4)
  A floating eye (shapeshifter) (Depths:4)
  2 earth elementals (Vaults:2)
  4 floating eyes
  10 porcupines
  A scorpion (shapeshifter) (Vaults:3)
  3 scorpions
  22 swamp drakes
  2 ice beasts (D:5)
  An eye of draining (D:1)
  4 sky beasts
  A black bear (shapeshifter) (Depths:1)
  A chaos butterfly zombie (Lair:3)
  An eye of draining (shapeshifter) (D:7)
  A fire dragon simulacrum (Vaults:2)
  A redback zombie (D:7)
  A black bear (Lair:2)
  33 ogres
  31 wolves
  3 boggarts
  An elf zombie (Vaults:4)
  A dream sheep skeleton (Lair:3)
  An elf skeleton (Vaults:3)
  2 human zombies
  6 big kobolds
  13 crocodiles
  2 komodo dragon zombies (Lair:3)
  22 bullfrogs
  A redback simulacrum (D:8)
  A yak zombie (Lair:3)
  2 spiny frog zombies (Lair:3)
  A swooping magpie skeleton (Lair:3)
  2 black mamba zombies (Lair:3)
  A meliai zombie (D:6)
  A polar bear zombie (Lair:3)
  8 centaurs
  5 howler monkeys (D:5)
  A harpy skeleton (D:7)
  A yak skeleton (Lair:3)
  A polar bear skeleton (Lair:3)
  4 wights
  A quasit (D:4)
  3 black mamba simulacra (Vaults:2)
  17 electric eels
  A blink frog zombie (Lair:3)
  2 harpy simulacra (Vaults:2)
  A troll simulacrum (Vaults:2)
  2 crimson imps
  A blink frog skeleton (Lair:3)
  34 orc priests
  3 hounds
  5 jellies
  37 orc wizards
  A hornet simulacrum (D:8)
  4 iguanas
  A crocodile zombie (Lair:3)
  2 wyvern zombies (D:6)
  2 hell rats (Lair:6)
  6 worker ants
  4 lightning spires (Vaults:2)
  A naga simulacrum (Vaults:2)
  12 giant cockroaches
  An iron imp (Depths:3)
  3 bullfrog zombies
  4 bullfrog skeletons
  A shadow imp (D:3)
  9 adders
  27 sewer rats
  A white imp (D:4)
  6 worms
  8 cinder newts
  2 oozes (D:2)
  A ball lightning (Vaults:2)
  2 dart slugs (D:1)
  5 leopard geckos
  126 orcs
  4 adder skeletons
  4 ball pythons
  2 cinder newt skeletons (D:2)
  4 goblins (D:1)
  6 hobgoblins (D:1)
  35 kobolds
  6 quokkas
  10 bats
  A quokka zombie (D:5)
  7 rats
  5 butterflies
  4 fungi
  5 giant blowflies
  8 plants
  3 rainbow trout
  A slimehead (D:2)
  5 withered plants (D:2)
2453 creatures vanquished.

Vanquished Creatures (collateral kills)
  A spark wasp (Spider:4)
1 creature vanquished.

Vanquished Creatures (others)
  A golden dragon (Zot:3)
  Asterion (Depths:2)
  An ogre mage (Vaults:1)
  An emperor scorpion (Spider:4)
  A very ugly thing (Swamp:4)
  A vault guard (Vaults:2)
  A deep elf mage (Vaults:2)
  A warg (Orc:2)
  A boggart (Vaults:2)
  An orc priest (Orc:1)
  3 orcs
  A ball python (D:2)
  2 bushes
  3 butterflies (Depths:5)
  11 fungi
  21 giant blowflies
  12 plants
  14 rainbow trout
  99 withered plants (D:2)
176 creatures vanquished.

Grand Total: 2630 creatures vanquished

Notes
Turn   | Place    | Note
-------+----------+-------------------------------------------
     0 | Start Ma | esc the Gargoyle Noble began the quest for the Orb.
     0 | Start Ma | Reached XP level 1. HP: 12/12 MP: 2/2
     0 | Start Ma | Found Qytarph's Expert Tomes.
     5 | Start Ma | Found Tecaxe's Auxillary Armour.
     7 | Start Ma | Bought a +0 longbow for 180 gold pieces
    13 | Start Ma | Bought a +0 pair of gloves of archery for 230 gold pieces
    13 | Start Ma | Found Ginger's Mashing MeleeMart.
    23 | Start Ma | Bought an uncursed ring of protection for 440 gold pieces
    35 | Start Ma | Bought a scroll of enchantment for 120 gold pieces
    44 | D:1      | esc set off with the following items: a +0 robe, a ration,
                  | a +1 longbow, a +0 pair of gloves of archery, a ring of
                  | protection
    83 | D:1      | Reached skill level 1 in Bows
    88 | D:1      | Reached XP level 2. HP: 16/16 MP: 3/3
   122 | D:1      | Reached XP level 3. HP: 20/20 MP: 4/4
   186 | D:1      | Reached XP level 4. HP: 25/25 MP: 5/5
   630 | D:1      | Reached XP level 5. HP: 29/29 MP: 6/6
  1207 | D:2      | Reached skill level 5 in Bows
  1310 | D:2      | Reached XP level 6. HP: 34/34 MP: 7/7
  1428 | D:2      | Reached XP level 7. HP: 27/38 MP: 8/8
  1548 | D:2      | Reached skill level 1 in Armour
  1922 | D:2      | Noticed Edmund
  1925 | D:2      | Killed Edmund
  1925 | D:2      | Reached XP level 8. HP: 46/46 MP: 9/9
  2131 | D:2      | Noticed Prince Ribbit
  2132 | D:2      | Killed Prince Ribbit
  2712 | D:3      | Reached skill level 5 in Fighting
  2782 | D:3      | Reached XP level 9. HP: 54/54 MP: 10/10
  2795 | D:3      | Reached skill level 5 in Armour
  3111 | D:3      | Noticed a moth of wrath
  3114 | D:3      | Found a bloodstained altar of Trog.
  3262 | D:4      | Found a white marble altar of Elyvilon.
  3285 | D:4      | Found a stormy altar of Qazlal.
  3475 | D:4      | Noticed Erica
  3477 | D:4      | Killed Erica
  3587 | D:4      | Found a burning altar of Makhleb.
  3611 | D:4      | Reached XP level 10. HP: 51/63 MP: 11/11
  3633 | D:4      | Found a staircase to the Ecumenical Temple.
  3870 | D:4      | Found a shimmering altar of Xom.
  3871 | D:4      | Noticed Psyche
  3873 | D:4      | Killed Psyche
  3873 | D:4      | Reached skill level 10 in Bows
  3874 | D:4      | Found a shattered altar of Ashenzari.
  3874 | D:4      | Found an ornate altar of the Wu Jian Council.
  3876 | D:4      | Found a burning altar of Makhleb.
  3876 | D:4      | Found a stormy altar of Qazlal.
  3876 | D:4      | Found a glowing golden altar of the Shining One.
  3913 | D:5      | Entered Level 5 of the Dungeon
  3924 | D:5      | Noticed a rock worm
  3927 | D:5      | Killed a rock worm
  3989 | D:5      | Found a staircase to the Lair.
  4253 | D:5      | Noticed Urug
  4256 | D:5      | HP: 3/65 [Urug/javelin (12)]
  4259 | D:5      | Killed Urug
  4259 | D:5      | Reached XP level 11. HP: 18/71 MP: 12/12
  4351 | D:5      | Found a snail-covered altar of Cheibriados.
  4594 | D:5      | Found an iron altar of Okawaru.
  4665 | D:5      | Identified the cursed amulet "Ockuthri" {Regen+ Str+3 Int-5
                  | Stlth+, (Curse: rC- MR-)}
  4809 | Lair:1   | Entered Level 1 of the Lair of Beasts
  4818 | Lair:1   | Reached skill level 10 in Fighting
  4860 | Lair:1   | Identified the +3 scimitar "Yfontycw" {protect, rC+}
  4870 | Lair:1   | Reached skill level 10 in Armour
  4896 | Lair:1   | Noticed a seven-headed hydra
  4923 | Lair:1   | Killed a seven-headed hydra
  5007 | Lair:1   | Reached XP level 12. HP: 79/79 MP: 13/13
  5149 | Lair:1   | Noticed a boulder beetle
  5151 | Lair:1   | Killed a boulder beetle
  5820 | Lair:2   | Reached skill level 1 in Maces & Staves
  5944 | Lair:2   | Found a hole to the Spider Nest.
  5996 | Lair:2   | Identified the cursed +8 dagger of Geufacur {antimagic, rC+
                  | Int+6 Dex+3, (Curse: Fragile)}
  6134 | Lair:2   | Identified the cursed ring "Vuag" {Ice rPois, (Curse:
                  | Fragile Slay-6)}
  6134 | Lair:2   | Noticed Fannar
  6151 | Lair:2   | Killed Fannar
  6764 | Lair:3   | Reached XP level 13. HP: 86/86 MP: 14/14
  7007 | Lair:3   | Reached skill level 5 in Maces & Staves
  7222 | Lair:3   | Found a staircase to the Swamp.
  8871 | Lair:4   | your +6 eveningstar of protection protects you from harm!
  9011 | Lair:5   | Gained mutation: Your large and strong wings let you fly
                  | indefinitely. [Gargoyle growth]
  9011 | Lair:5   | Reached XP level 14. HP: 94/94 MP: 15/15
  9028 | Lair:5   | Noticed Sonja
  9030 | Lair:5   | Killed Sonja
  9084 | Lair:5   | Identified the +11 falchion of a volcano {slice, MP+9
                  | Str+4}
  9092 | Lair:5   | Found a staircase to the Slime Pits.
  9169 | Lair:5   | Noticed Snorg
  9172 | Lair:5   | Killed Snorg
  9581 | Lair:6   | Entered Level 6 of the Lair of Beasts
  9581 | Lair:6   | Found a glowing silver altar of Zin.
  9581 | Lair:6   | Identified a scroll of acquirement
  9603 | Lair:6   | Identified the +2 pair of boots of the Maze {rElec Dex+4}
                  | (You acquired it on level 6 of the Lair of Beasts)
  9966 | Lair:6   | Reached skill level 15 in Bows
 10758 | D:6      | Found a sparkling altar of Nemelex Xobeh.
 10806 | D:6      | Found a basalt altar of Yredelemnul.
 10905 | D:6      | Found a staircase to the Orcish Mines.
 10978 | D:6      | Identified the cursed ring "Afojoh" {*Slow rElec rPois AC+5
                  | Int+3, (Curse: *Tele Fragile)}
 11040 | D:6      | Reached XP level 15. HP: 101/101 MP: 16/16
 11081 | D:6      | Found a transporter.
 11095 | D:6      | Found a transporter.
 11096 | D:6      | Noticed a storm dragon
 11112 | D:6      | Identified the +9 short sword "Megy" {pierce, rElec rC-
                  | MR++ +Vis}
 11112 | D:6      | Found a blossoming altar of Fedhas.
 11121 | D:6      | Reached skill level 15 in Fighting
 11251 | D:6      | Noticed Jorgrun
 11259 | D:6      | Killed Jorgrun
 11259 | D:6      | Reached skill level 15 in Armour
 11503 | D:7      | Identified Sahuliwn's Almanac of Fire
 11641 | D:7      | Found a gate to the Vaults.
 11702 | D:7      | Identified the +6 staff of Piodud {shield, cold; rPois rC+
                  | Str-2 +Vis}
 11878 | D:7      | Found a radiant altar of Vehumet.
 12094 | Orc:1    | Entered Level 1 of the Orcish Mines
 12130 | Orc:1    | Identified the cursed ring "Numedaf" {+Inv +Fly rPois MR-
                  | Stlth+, (Curse: *Drain Fragile)}
 12442 | Orc:2    | Entered Level 2 of the Orcish Mines
 12442 | Orc:2    | Identified the cursed ring "Qezuyka" {Ice MR- Int+4 Dex+4,
                  | (Curse: *Drain Fragile Slay-3)}
 12452 | Orc:2    | Noticed Rupert
 12455 | Orc:1    | your +6 eveningstar of protection protects you from harm!
 12465 | Orc:1    | your +6 eveningstar of protection protects you from harm!
 12549 | Orc:1    | your +6 eveningstar of protection protects you from harm!
 12557 | Orc:1    | Killed Rupert
 12598 | Orc:2    | Noticed an orc warlord
 12609 | Orc:1    | your +6 eveningstar of protection protects you from harm!
 12788 | Orc:1    | Killed an orc warlord
 12821 | Orc:1    | your +6 eveningstar of protection protects you from harm!
 12961 | Orc:2    | Found a staircase to the Elven Halls.
 13023 | Orc:2    | Noticed an orc warlord
 13042 | Orc:2    | Killed an orc warlord
 13151 | Orc:2    | Found Pazelil's Antique Armour Emporium.
 13172 | Orc:2    | Noticed Azrael
 13178 | Orc:2    | Killed Azrael
 13208 | Orc:2    | Reached XP level 16. HP: 110/110 MP: 17/17
 13347 | Orc:2    | Found Hama's Jewellery Shoppe.
 13421 | Orc:2    | Found Xarare's General Store.
 13466 | Orc:2    | Found a runed translucent door.
 13484 | Orc:2    | Identified the cursed +8 scutum of the Morning {+Inv Str-5
                  | Dex+7, (Curse: *Drain MR-)}
 13489 | Orc:2    | Found a runed translucent door.
 13803 | Orc:2    | your +6 eveningstar of protection protects you from harm!
 13814 | Orc:2    | Lost intelligence.
 13942 | Orc:2    | Found Guoshrat's Antique Weapon Shop.
 14268 | Orc:1    | your +6 eveningstar of protection protects you from harm!
 14672 | Orc:2    | your +6 eveningstar of protection protects you from harm!
 14825 | Orc:2    | Bought a scroll of enchantment for 97 gold pieces
 14825 | Orc:2    | Bought a potion of curing for 39 gold pieces
 14825 | Orc:2    | Bought a scroll of bless item for 390 gold pieces
 14952 | D:8      | Entered Level 8 of the Dungeon
 15057 | D:8      | Noticed Louise
 15066 | D:8      | Killed Louise
 15069 | D:8      | your +6 eveningstar of protection protects you from harm!
 15115 | D:8      | Found a stormy altar of Qazlal.
 15349 | D:8      | Found a sacrificial altar of Ru.
 15469 | D:8      | Identified the cursed +4 buckler of Absolutism {rElec rN+
                  | Str+7, (Curse: rF-)}
 15636 | D:8      | Found a staircase to the Depths.
 15977 | Swamp:1  | Entered Level 1 of the Swamp
 16064 | Swamp:1  | Reached skill level 1 in Evocations
 16124 | Swamp:1  | Reached XP level 17. HP: 116/116 MP: 18/18
 16680 | Swamp:2  | Noticed Nikola
 16684 | Swamp:2  | Killed Nikola
 16735 | Swamp:2  | Noticed xzight's ghost (adept MiBe)
 16738 | Swamp:2  | Found a runed translucent door.
 17010 | Swamp:2  | Noticed Aizul
 17016 | Swamp:2  | Killed Aizul
 17306 | Swamp:3  | your +6 eveningstar of protection protects you from harm!
 17445 | Swamp:3  | your +6 eveningstar of protection protects you from harm!
 17884 | Swamp:4  | Entered Level 4 of the Swamp
 17895 | Swamp:3  | your +6 eveningstar of protection protects you from harm!
 17962 | Swamp:4  | Reached skill level 5 in Evocations
 17969 | Swamp:4  | Reached XP level 18. HP: 90/124 MP: 21/21
 17970 | Swamp:4  | your +6 eveningstar of protection protects you from harm!
 18011 | Swamp:4  | Reached skill level 10 in Maces & Staves
 18330 | Swamp:4  | Got a decaying rune of Zot
 18555 | Swamp:4  | Reached XP level 19. HP: 130/130 MP: 22/24
 18747 | Spider:1 | Entered Level 1 of the Spider Nest
 18937 | Spider:1 | your +6 eveningstar of protection protects you from harm!
 19933 | Spider:1 | your +6 eveningstar of protection protects you from harm!
 19947 | Spider:2 | Identified the cursed +12 quarterstaff of the Big Bang
                  | {pain, Str+4 Dex+4, (Curse: rF- MR-)}
 20004 | Spider:2 | Noticed Frances
 20236 | Spider:2 | Identified the +0 staff "Jeomoer" {chaos, poison; rElec
                  | rPois Str-5 Dex+2 Stlth+} (You acquired it on level 2 of
                  | the Spider Nest)
 20257 | Spider:2 | Killed Frances
 20322 | Spider:2 | Noticed Arachne
 20327 | Spider:2 | Killed Arachne
 20592 | Spider:2 | Found a transporter.
 20592 | Spider:2 | Noticed Gammafunk
 20593 | Spider:2 | Found a transporter.
 20847 | Spider:2 | Killed Gammafunk
 20847 | Spider:2 | Reached XP level 20. HP: 126/137 MP: 25/25
 20855 | Spider:2 | Reached XP level 21. HP: 138/142 MP: 26/26
 20856 | Spider:2 | Reached XP level 22. HP: 145/148 MP: 27/27
 21322 | Spider:4 | Entered Level 4 of the Spider Nest
 21648 | Spider:4 | your +6 eveningstar of protection protects you from harm!
 21715 | Spider:4 | your +6 eveningstar of protection protects you from harm!
 22014 | Spider:4 | Got a gossamer rune of Zot
 22266 | Vaults:1 | Entered Level 1 of the Vaults
 22642 | Vaults:1 | Reached skill level 10 in Evocations
 22694 | Vaults:1 | Found Oxkenan's Magic Scroll Shoppe.
 22702 | Vaults:1 | Bought a scroll of fear for 66 gold pieces
 22702 | Vaults:1 | Bought a scroll of enchantment for 142 gold pieces
 22702 | Vaults:1 | Bought a scroll of enchantment for 142 gold pieces
 22702 | Vaults:1 | Bought a scroll of enchantment for 142 gold pieces
 23503 | Vaults:1 | Identified the cursed ring "Wisoat" {Str+5 Int+5, (Curse:
                  | Fragile rF-)}
 23792 | Vaults:2 | your +6 eveningstar of protection protects you from harm!
 23852 | Vaults:2 | Reached XP level 23. HP: 156/156 MP: 31/31
 23988 | Vaults:2 | Identified the cursed ring "Yvap" {+Blink rF- Dex+5 Stlth+,
                  | (Curse: Fragile MR-)}
 24123 | Vaults:2 | Identified Sezuavih's Catalogue of Toxins
 24158 | Vaults:2 | Found a staircase to the Crypt.
 24302 | Vaults:2 | Identified the Handbook of Earth
 24724 | Vaults:2 | Identified the Incunabulum of the Frostbite
 24899 | Vaults:2 | Identified Hipsuh's Grimoire of Feathers
 25252 | Vaults:2 | Identified the Tome of Calling
 27493 | Vaults:4 | Identified the cursed amulet "Yfohe" {rC+ Regen+ Str+3,
                  | (Curse: *Tele)}
 27636 | Vaults:4 | Identified the +1 leather armour of Elijij {rPois Regen+
                  | Str+3}
 27637 | Vaults:4 | Found Ewefugur's Distillery.
 27645 | Vaults:4 | Bought a potion of invisibility for 136 gold pieces
 27645 | Vaults:4 | Bought a potion of curing for 51 gold pieces
 27645 | Vaults:4 | Bought a potion of ambrosia for 136 gold pieces
 27645 | Vaults:4 | Bought a potion of agility for 68 gold pieces
 27645 | Vaults:4 | Bought a potion of heal wounds for 85 gold pieces
 27645 | Vaults:4 | Bought a potion of cancellation for 136 gold pieces
 27645 | Vaults:4 | Bought a potion of invisibility for 136 gold pieces
 27645 | Vaults:4 | Bought a potion of cancellation for 136 gold pieces
 27728 | Vaults:4 | Reached XP level 24. HP: 152/164 MP: 33/33
 27881 | Vaults:5 | Entered Level 5 of the Vaults
 27881 | Vaults:5 | Noticed Mara
 27889 | Vaults:5 | Identified the cursed ring of Winter {rPois Str+5 Int-3
                  | Slay+2, (Curse: Fragile)}
 28028 | Vaults:5 | Killed Mara
 28041 | Vaults:5 | Identified the cursed amulet of Tukkues {Spirit Dex+6
                  | Slay-5, (Curse: Fragile -Vis)}
 28355 | Vaults:5 | Identified the +5 staff of the Pyrrhic Victory {reaver,
                  | air; rElec rPois MP+9 Dex+2}
 28372 | Vaults:5 | Identified the cursed +1 ring mail of the Pit {rF+ Str+4
                  | Int+2, (Curse: *Tele)}
 28372 | Vaults:5 | Identified the +7 staff of Yceilep {flay, poison; rPois
                  | MP+9 Str+4}
 28372 | Vaults:5 | Found the +2 shield of Resistance {rF+ rC+ MR+}
 28391 | Vaults:5 | Got a silver rune of Zot
 28657 | Vaults:5 | Identified the cursed amulet "Juibrurgh" {+Rage +Inv rC+
                  | Dex+2, (Curse: *Drain Fragile)}
 28683 | Vaults:5 | Identified a +2 pair of boots of running
 28845 | Vaults:5 | Identified the +0 ring mail "Ceweo" {rC+}
 28867 | Vaults:5 | Identified the cursed ring "Piugisa" {rPois Str+2 +Vis,
                  | (Curse: Fragile)}
 28867 | Vaults:5 | Noticed Margery
 28891 | Vaults:5 | Killed Margery
 29024 | Vaults:5 | Reached XP level 25. HP: 172/172 MP: 33/33
 29151 | Vaults:5 | Identified the cursed ring "Vogg" {*Drain *Slow rElec rC+++
                  | Dex+5, (Curse: Fragile Soulbond)}
 29304 | Vaults:5 | Identified the cursed +2 staff of Ticsyho {energy, poison;
                  | rPois rN+ MP+9 Int+7 Dex-5, (Curse: rF-)}
 29923 | Depths:1 | Entered Level 1 of the Depths
 30102 | Depths:1 | Found a gateway to Hell.
 30162 | Depths:1 | your +6 eveningstar of protection protects you from harm!
 30277 | Depths:1 | Found a gateway to a ziggurat.
 30361 | Depths:1 | Found a runed translucent door.
 30904 | Depths:2 | Identified the +10 lajatang of Saesinuxt {slice, rPois rC-
                  | rN++ MR+ Int+3}
 31189 | Depths:2 | Found a burning altar of Makhleb.
 31190 | Depths:2 | Found a sacrificial altar of Ru.
 31190 | Depths:2 | Found a sacrificial altar of Ru.
 31190 | Depths:2 | Found a shimmering blue altar of Sif Muna.
 31192 | Depths:2 | Noticed Asterion
 31203 | Depths:2 | Killed Asterion
 31339 | Depths:2 | Reached XP level 26. HP: 157/180 MP: 33/33
 31444 | Depths:2 | Identified the +5 staff "Fitzooh" {chaos, life; rPois MR+
                  | +Vis Stlth-}
 31479 | Depths:2 | Identified the cursed +9 quarterstaff "Zuot" {crush, +Rage
                  | MR+, (Curse: rF- Str-5)}
 31491 | Depths:2 | Identified the ring of the Will of the Gods {*Slow +Inv rF+
                  | rC++ Stlth+}
 32029 | Depths:3 | Found Hanal's Antique Weapon Shoppe.
 32229 | Depths:3 | Noticed Bai Suzhen
 32240 | Depths:3 | Killed Bai Suzhen
 32322 | Depths:3 | Found a corrupted altar of Lugonu.
 32323 | Depths:3 | Found a one-way gate to the infinite horrors of the Abyss.
 32493 | Depths:3 | Found a one-way gate leading to the halls of Pandemonium.
 32791 | Depths:4 | Identified the cursed ring of Xiurasti {rPois Str+6,
                  | (Curse: MR-)}
 32915 | Depths:4 | Identified the ring "Pecek" {Fire MR++}
 33004 | Depths:4 | Identified the +11 staff "Cuggoq Sorr" {energy, air; *Drain
                  | rElec rN+ Int+3}
 33087 | Depths:4 | Identified the ring "Xeokic" {*Drain Int+2 Dex+2 Stlth-}
 33103 | Depths:4 | Noticed Saint Roka
 33114 | Depths:4 | Killed Saint Roka
 33410 | Depths:4 | Found a glowing silver altar of Zin.
 33615 | Depths:4 | Found a hazy altar of Hepliaklqana.
 33702 | Depths:5 | Entered Level 5 of the Depths
 33945 | Depths:5 | Reached XP level 27. HP: 188/188 MP: 33/33
 34012 | Depths:5 | Found Zeronino's Antique Weapon Boutique.
 34230 | Depths:5 | Found a runed translucent door.
 34261 | Depths:5 | Found a runed translucent door.
 34262 | Depths:5 | Found a runed translucent door.
 34270 | Depths:5 | Found a runed translucent door.
 34326 | Depths:5 | Found a runed translucent door.
 34488 | Depths:5 | Identified the +5 hunting sling of the Eternal Void
                  | {velocity, +Inv rN+ Dex+3}
 34525 | Depths:5 | Reached skill level 27 in Armour
 34805 | Depths:5 | Found a gate to the Realm of Zot.
 34882 | Depths:5 | Found a runed translucent door.
 35075 | Zot:1    | Entered Level 1 of the Realm of Zot
 35272 | Zot:1    | Identified the cursed ring "Zenizuum" {rElec rN+ Str+8
                  | Slay-5, (Curse: Fragile)}
 35407 | Zot:1    | Noticed an orb of fire
 35430 | Zot:1    | Killed an orb of fire
 36359 | Zot:2    | Identified the cursed ring of Nemelex Xobeh's Anger
                  | {*Contam rPois rN+ MR+ Dex+5, (Curse: Fragile rF- rC-)}
 37656 | Zot:3    | Noticed a Killer Klown
 37661 | Zot:3    | Killed a Killer Klown
 38092 | Zot:3    | your +6 eveningstar of protection protects you from harm!
 38095 | Zot:3    | Gained mutation: You tend to lose your temper in combat.
                  | [mutagenic glow]
 38394 | Zot:4    | Gained mutation: Your magical capacity is low. (-10% MP)
                  | [mutagenic glow]
 38848 | Zot:5    | Entered Level 5 of the Realm of Zot
 39070 | Zot:5    | Identified the +10 great sword of the Swamp {freeze, Int+5
                  | +Vis} (You acquired it on level 5 of the Realm of Zot)
 39418 | Zot:5    | Noticed a Killer Klown
 39421 | Zot:5    | Noticed an ancient lich
 39438 | Zot:5    | Killed a Killer Klown
 39466 | Zot:5    | Killed an ancient lich
 39676 | Zot:5    | Noticed an ancient lich
 39678 | Zot:5    | Killed an ancient lich
 39678 | Zot:5    | Reached skill level 27 in Fighting
 39727 | Zot:5    | Noticed an orb of fire
 39729 | Zot:5    | Killed an orb of fire
 39882 | Zot:5    | Reached skill level 27 in Bows
 39895 | Zot:5    | Noticed a Killer Klown
 39902 | Zot:5    | Killed a Killer Klown
 39902 | Zot:5    | Noticed an ancient lich
 39911 | Zot:5    | Noticed an ancient lich
 39923 | Zot:5    | Noticed a Killer Klown
 39925 | Zot:5    | Noticed a Killer Klown
 39941 | Zot:5    | Killed a Killer Klown
 39948 | Zot:5    | Killed an ancient lich
 39955 | Zot:5    | Killed an ancient lich
 39955 | Zot:5    | Reached skill level 5 in Dodging
 39963 | Zot:5    | Killed a Killer Klown
 40089 | Zot:5    | Noticed an ancient lich
 40095 | Zot:5    | Killed an ancient lich
 40774 | Zot:5    | Noticed an orb of fire
 40778 | Zot:5    | Killed an orb of fire
 41117 | Zot:5    | Got the Orb of Zot
 41145 | Zot:5    | Noticed a seraph
 41202 | Zot:5    | Noticed an orb of fire
 41292 | Zot:1    | Reached skill level 10 in Dodging
 41419 | Depths:3 | Noticed Emepai the pandemonium lord
 41465 | Depths:1 | Noticed Bilix the pandemonium lord
 41465 | Depths:1 | Noticed an ancient lich
 41534 | D:7      | Noticed Qoza the pandemonium lord
 41571 | D:3      | your +6 eveningstar of protection protects you from harm!
 41661 | D:1      | Noticed Komyust the pandemonium lord
 41672 | D:$      | Escaped with the Orb!

Levels and vault maps discovered:
D:1:      elethiomel_arrival_infinity_welcomes_careful_drivers, layout_basic
D:2:      layout_sewer, tso_metal_star, sewer_frog_pond, uniq_edmund
D:3:      layout_cave_pools, tgw_trog, first_ration
D:4:      layout_roguey, elyvilon_altar_5, doesnt_xom_only_xom, bloody_makhleb,
          temple_hall, basic_altar, uniq_erica, uniq_psyche
D:5:      layout_roguey, lemuel_round_altar, old_standard_altar,
          erik_lair_orcish_takeover, uniq_urug
D:6:      layout_long_grid, gammafunk_temple_overflow_arena, kennysheep_mini,
          nemelex_xobeh_ov_fountains_minmay, david_orc_3, uniq_jorgrun
D:7:      layout_long_grid, bcadren_lemuel_inverted_doored_altar, erik_vaults_1,
          hangedman_decor_peaks_small
D:8:      grunt_enter_depths_snipers, layout_irregular_city,
          nicolae_ru_sacrificial_ziggurat, serial_bayou_shore_a, basic_altar,
          hangedman_abyss_or_decor_stabs, serial_bayou_pond_b, uniq_louise
Lair:1:   layout_chaotic_city, chequers_ossuary_entry_cave
Lair:2:   layout_cave_pods, spider_nest_entry_rubble, uniq_fannar
Lair:3:   layout_chaotic_city, minmay_swamp_entry_swarm, ossuary_tomb_1
Lair:4:   layout_cave_pods
Lair:5:   layout_misc_corridors, minmay_slime_entry_pillars, grunt_megastairs_4,
          uniq_sonja, uniq_snorg
Lair:6:   guppyfry_lair_end_dragon, layout_loops_ring, basic_altar,
          kennysheep_rathole, lemuel_fruit_fields, grunt_megastairs_5
Swamp:1:  layout_basic_swamp, evilmike_swamp_ruin_house_4
Swamp:2:  layout_basic_swamp, ebering_ghost_inner_flame, serial_swamp_ruin,
          evilmike_swamp_ruin_house_3, hangedman_swamp_ruin_wall, swamp_pool5,
          uniq_aizul, uniq_nikola
Swamp:3:  layout_basic_swamp, nicolae_swamp_round_clearing
Swamp:4:  swamp_alternative, layout_basic_swamp, swamp_pool5,
          roderic_carrion_pond, infiniplex_staircase_pool_2
Spider:1: layout_chambers
Spider:2: layout_spider_delve, einodemon_crawler_minivault,
          hangedman_spider_tarantella_strand, uniq_arachne,
          uniq_gammafunk_teleport, uniq_frances
Spider:3: layout_spider_delve
Spider:4: spider_rune_water
Orc:1:    layout_diamond_mine
Orc:2:    grunt_orc_gardens, layout_caves, grunt_orc_garden, grunt_orc_garden,
          grunt_orc_garden, grunt_orc_garden, chequers_guarded_unrand_ignorance,
          uniq_rupert, uniq_azrael
Vaults:1: ontoclasm_vaults_ring_small, grunt_vaults_swirl,
          nicolae_vaults_little_squares_1, vaults_mumra_minichess_inversion,
          hangedman_vaults_river_flow, vaults_room_door_hall, vaults_room_boxed,
          v_misc_9, v_alt_pattern_4, nicolae_vaults_little_squares_1,
          layout_vaults_maze, serial_shops, nicolae_shop_statue_plus
Vaults:2: ontoclasm_vaults_loading_screen, v_misc_12, v_misc_3,
          ontoclasm_vaults_chip, grunt_vaults_diagonal, vaults_mumra_minichess,
          hangedman_vaults_trim, hangedman_vaults_trim, ontoclasm_vaults_pinch,
          layout_vaults_omnigrid, dummy_crypt_entry, serial_hangedman_research,
          hangedman_research_geology, hangedman_research_toxicology,
          hangedman_research_convocations, hangedman_research_thermodynamics,
          hangedman_research_electronics
Vaults:3: grunt_vaults_trifunnel, ontoclasm_vaults_decontamination,
          nicolae_vaults_shelves_hall, vaults_dpeg_diagonal, v_misc_17,
          v_alt_pattern_3, v_alt_pattern_1, vaults_room_grid,
          nicolae_vaults_shelves_hall, grunt_vaults_hallway_long, v_misc_4,
          nicolae_vaults_little_squares_2, dpeg_vaults_monster_box,
          nicolae_vaults_little_squares_3, layout_vaults_omnibox
Vaults:4: v_misc_32, vaults_room_pool, nicolae_vaults_gold_heap,
          hangedman_vaults_slice, hangedman_vaults_snaps, vaults_room_corners,
          ontoclasm_vaults_ring_large, nicolae_vaults_little_squares_6,
          v_rooms_1, ontoclasm_vaults_ring_square,
          nicolae_vaults_little_squares_2, vaults_room_octagon,
          ontoclasm_vaults_ring_small, nicolae_vaults_yaktaur_gun_rack,
          nicolae_vaults_little_squares_6, vaults_room_semicircle,
          nicolae_vaults_little_squares_2, vaults_dpeg_ring,
          nicolae_vaults_theta, layout_vaults_ring, serial_shops, shop
Vaults:5: serial_shops, uniq_margery, uniq_mara
Depths:1: layout_roguey, enter_ziggurat_a, serial_sigils,
          serial_sigils_hangedman_carve, serial_sigils_hangedman_leer,
          serial_sigils_hangedman_shear, serial_sigils_hangedman_quiver,
          serial_sigils_hangedman_confine, hell_entry, grunt_ministairs_2,
          small_chamber_with_monster, minmay_hidden_floor
Depths:2: minmay_the_grid_octo_tiled_octocenter_mashed
          [minmay_the_grid_octo_thin_diamonds,
          minmay_the_grid_octo_checkerflower, minmay_the_grid_octo_shrine,
          minmay_the_grid_octo_odd_swirl,
          minmay_the_grid_octo_prize_ultimate_mussel_roller,
          minmay_the_grid_square_5x5_spiral_small,
          minmay_the_grid_square_5x5_fat_x,
          minmay_the_grid_square_5x5_gyroscope,
          minmay_the_grid_square_5x5_hollow_slash], layout_basic,
          minmay_misc_feat_x, grunt_mini_vestibule, grunt_ministairs_10,
          chequers_decorated_corner, minmay_staircase_statues, uniq_asterion
Depths:3: grunt_twist_and_shout, layout_gridlike, serial_shops, shop, pan_entry,
          grunt_hell_entry_dis_mu, abyss_entry_flame_altar,
          hangedman_abyss_or_decor_passed, minmay_misc_feat_doors, drop_trap,
          minmay_staircase_statues_hall_small, uniq_bai_suzhen
Depths:4: hangedman_spin_cycle, hell_entry, abyss_entry
Depths:5: evilmike_zot_entry_castle, layout_gridlike, pan_entry, serial_shops,
          shop, pf_hell_entry_tar_river, minmay_crystal_water,
          minmay_mirror_moons_of_madness, serial_bayou_shore_b
Zot:1:    layout_basic, grunt_ministairs_1, hangedman_zot_decor_checkerboard
Zot:2:    layout_misc_corridors, st_small_dragon_hoard_3
Zot:3:    layout_misc_corridors
Zot:4:    nicolae_moth_party, layout_misc_corridors, zot_minivault_5
Zot:5:    layout_gridlike

Skill      XL: |  1  2  3  4  5  6  7  8  9 10 11 12 13 14 15 16 17 18 19 20 21 22 23 24 25 26 27 |
---------------+----------------------------------------------------------------------------------+-----
Bows           | 2 3 4 6 7 8 9 11 12 13 14 15 16 17 18 19 20 21 22 23 27 | 27.0
Armour         | 2 4 7 9 10 12 13 14 15 16 17 18 19 20 22 24 26 27 | 27.0
Fighting       | 3 5 7 9 10 12 13 14 16 17 18 19 20 21 22 23 27 | 27.0
Maces & Staves | 4 5 6 8 9 10 | 10.0
Evocations     | 1 5 6 7 11 13 14 | 14.4
Dodging        | 10 | 10.4
Stealth        | |  1.1
Spellcasting   | |  1.0

Action                   |  1- 3 |  4- 6 |  7- 9 | 10-12 | 13-15 | 16-18 | 19-21 | 22-24 | 25-27 || total
-------------------------+-------+-------+-------+-------+-------+-------+-------+-------+-------++-------
Melee: Eveningstar       |       |       |       |       |    26 |    79 |    17 |    32 |    28 ||   182
       Unarmed           |       |       |       |       |     9 |    49 |    11 |    21 |    21 ||   111
 Fire: Longbow           |    21 |   104 |   163 |   310 |   802 |   809 |   242 |  1540 |  1918 ||  5909
Throw: Skull             |       |       |       |       |       |     1 |       |       |       ||     1
 Abil: Fly               |       |       |       |       |     1 |       |       |       |       ||     1
       Stop Flying       |       |       |       |       |       |       |       |     1 |       ||     1
Evoke: Wand              |       |       |       |       |       |       |       |     5 |     2 ||     7
  Use: Scroll            |     1 |     1 |     2 |     6 |     6 |     4 |     2 |    11 |    18 ||    51
       Potion            |       |       |       |     1 |       |     1 |     3 |       |    12 ||    17
  Eat: Chunk             |       |     2 |     3 |     5 |    10 |    12 |       |    19 |    20 ||    71
       Ration            |       |       |     1 |     1 |     3 |     1 |     2 |     1 |     4 ||    13
Armor: Robe              |       |    16 |       |       |       |       |       |       |       ||    16
       Ring mail         |       |       |    17 |    33 |       |       |       |       |       ||    50
       Chain mail        |       |       |       |    37 |   354 |   332 |   249 |   385 |   454 ||  1811
       Fire dragon scale |       |       |       |       |       |       |       |       |   274 ||   274
Dodge: Dodged            |       |    48 |    20 |    38 |   121 |   123 |    43 |    94 |   114 ||   601
       Deflected         |       |       |       |       |     7 |    13 |     1 |    19 |    32 ||    72
